 Dungeon Crawl Stone Soup version 0.31-a0-705-ga145531891 (webtiles) character file.

Game seed: 10975545660350817746

247 dialectric the Trooper (level 6, -11/44 HPs)
             Began as an Octopode Fighter on Sept 10, 2023.
             Mangled by a gnoll
             ... wielding a +0 halberd
             ... led by a gnoll bouda
              (12 damage)
             ... on level 3 of the Dungeon.
             The game lasted 00:01:37 (1187 turns).

dialectric the Trooper (Octopode Fighter)           Turns: 1187, Time: 00:01:37

Health: -11/44     AC:  1    Str: 14 (15) XL:     6   Next: 11%
Magic:  6/6        EV: 14    Int:  8 (10) God:
Gold:   53         SH:  0    Dex: 11 (12) Spells: 5/5 levels left

rFire   . . .        d - +4 dagger
rCold   . . .        (no shield)
rNeg    . . .        (helmet restricted)
rPois   .            (no amulet)
rElec   .            (no ring)
rCorr   .            (no ring)
SInv    .            (no ring)
Will    .....        (no ring)
Stlth   ++           (no ring)
HPRegen 0.27/turn    (no ring)
MPRegen 0.10/turn    (no ring)
                     (no ring)

%: no passive effects
@: no status effects
A: almost no armour, amphibious, 8 rings, camouflage 1, gelatinous body 1,
(nimble swimmer 1), tentacles, weak 1, wild magic 1, inability to drink after
injury 1
a: no special abilities


You were on level 3 of the Dungeon.
You visited 1 branch of the dungeon, and saw 3 of its levels.

You collected 53 gold pieces.

Inventory:

Hand Weapons
 a - a +0 long sword
 d - a +4 dagger (weapon)
 e - a +1 dagger of venom
Missiles
 n - 6 poisoned darts
Armour
 b - a +0 buckler
Jewellery
 j - a +4 ring of protection
Scrolls
 c - a scroll of summoning {unknown}
 g - a scroll of revelation {unknown}
 k - 2 scrolls of identify {unknown}
 m - a scroll of enchant armour {unknown}
 o - a scroll of fog {unknown}
Potions
 f - 2 potions of degeneration
 h - a potion of mutation
 i - a potion of curing {unknown}
 l - a potion of attraction {unknown}
 p - a potion of haste {unknown}


   Skills:
 * Level 4.7 Fighting
 + Level 2.5(3.0) Short Blades
 + Level 2.4(3.0) Long Blades
 + Level 4.3 Dodging
 - Level 3.0 Shields


You had 5 spell levels left.
You didn't know any spells.
Your spell library contained the following spells:

 Spells                   Type           Power      Damage    Failure   Level
 Lesser Beckoning         Tloc           0%         N/A       63%         2
 Gell's Gravitas          Tloc           0%         N/A       85%         3
 Teleport Other           Tloc           0%         N/A       85%         3


Dungeon Overview and Level Annotations

Branches:
Dungeon (3/15)

Altars:

Shops:
D:1 (


Innate Abilities, Weirdness & Mutations

You cannot wear most types of armour.
You are amphibious.
You can wear up to eight rings at the same time.
Your skin changes colour to match your surroundings (Stealth+).
Your rubbery body absorbs attacks. (AC +1, EV +1)
((You are camouflaged when in or above water. (Stealth+)))
You have tentacles for arms and can constrict up to eight enemies at once.
You are weak. (Str -2)
Your spells are a little harder to cast, but a little more powerful.
You occasionally lose the ability to drink potions when taking damage.


Message History

No target in view!
A gnoll bouda and 2 gnolls come into view.
The gnoll shouts!
A gnoll comes into view. It is wielding a +0 flail.
There are monsters nearby!
There are monsters nearby!
The gnoll shouts!
The gnoll barely misses you.
The gnoll bouda shouts!
You hit the gnoll. Your grab misses the gnoll.
The gnoll is heavily wounded.
The gnoll hits you with a +0 halberd!
Unknown command.
The gnoll closely misses you.
The gnoll bouda calls upon its god to heal the gnoll.
The gnoll is healed somewhat.
The gnoll attacks as it pursues you! The gnoll hits you with a +0 whip.
The gnoll attacks as it pursues you! The gnoll barely misses you.
The gnoll bouda barks out a call to the hunt!
The gnoll picks up the pace!
The gnoll attacks as it pursues you! The gnoll hits you with a +0 whip.
The gnoll hits you with a +0 whip. The gnoll completely misses you.
There is an open door here.
The gnoll hits you with a +0 whip.
* * * LOW HITPOINT WARNING * * *
The gnoll attacks as it pursues you! The gnoll hits you with a +0 whip.
* * * LOW HITPOINT WARNING * * *
The gnoll hits you with a +0 whip!
* * * LOW HITPOINT WARNING * * *
The gnoll is no longer moving quickly.
It was a potion of degeneration.
There was something very wrong with that liquid.
You feel weakened.
You feel dopey.
You feel clumsy.
The gnoll is no longer moving quickly.
The gnoll misses you.
It was a potion of mutation.
You feel extremely strange.
You occasionally lose the ability to drink potions when taking damage.
You feel weaker.
You feel less in control of your magic.
The gnoll hits you from afar with a +0 halberd!
You die...

## #.
####################.
#.gg@................
#g##################.
#.# #. ####'## ##
#...g.# ##.....#
##..#...# ##..###..#
##.g#+ +#.....#


You could see 3 gnolls.

Vanquished Creatures
  Sigmund (D:2)
  Jessica (D:3)
  An iguana (D:3)
  An adder (D:2)
  A dart slug (D:1)
  5 endoplasms
  3 goblins (D:1)
  2 hobgoblins (D:3)
  2 jackals (D:1)
  6 kobolds (D:1)
  2 quokkas (D:1)
  3 ball pythons
  2 bats
  2 frilled lizards (D:1)
  3 rats
35 creatures vanquished.

Notes
Turn   | Place    | Note
-------+----------+-------------------------------------------
     0 | D:1      | dialectric the Octopode Fighter began the quest for the
                  | Orb.
     0 | D:1      | Reached XP level 1. HP: 16/16 MP: 1/1
   189 | D:1      | Reached XP level 2. HP: 17/21 MP: 2/2
   265 | D:1      | Found Zadwit's Antique Weapon Boutique.
   740 | D:1      | Reached XP level 3. HP: 26/26 MP: 3/3
   875 | D:2      | Reached skill level 1 in Short Blades
   889 | D:2      | Noticed Sigmund
   894 | D:2      | Killed Sigmund
   895 | D:2      | Reached XP level 4. HP: 27/34 MP: 4/4
   895 | D:2      | Reached XP level 5. HP: 30/38 MP: 5/5
  1027 | D:3      | Noticed Jessica
  1029 | D:3      | Killed Jessica
  1034 | D:3      | Reached XP level 6. HP: 44/44 MP: 6/6
  1184 | D:3      | HP: 1/44 [gnoll/+0 whip[a gnoll bouda] (7)]
  1187 | D:3      | Gained mutation: You occasionally lose the ability to drink
                  | potions when taking damage. [potion of mutation]
  1187 | D:3      | Gained mutation: You are weak. (Str -2) [potion of
                  | mutation]
  1187 | D:3      | Gained mutation: Your spells are a little harder to cast,
                  | but a little more powerful. [potion of mutation]
  1187 | D:3      | Mangled by a gnoll

Illustrated notes

Levels and vault maps discovered:
D:1:      kennysheep_arrival_forest, layout_basic, serial_shops,
          nicolae_shop_statue_plus
D:2:      layout_basic, uniq_sigmund
D:3:      layout_basic, cheibrodos_worm_habitat, nemelex_diamond_rough_becter,
          zin_treasury, hellmonk_ecumenical_altar_zigzags, serial_shops, shop,
          st_stairs_12, minmay_door_square, uniq_jessica

Skill      XL: |  1  2  3 |
---------------+----------+-----
Short Blades   | 2 |  2.5
Fighting       | 4 |  4.7
Dodging        | 4 |  4.3
Long Blades    | |  2.4
Shields        | |  3.0

Action                     |  1- 3 |  4- 6 || total
---------------------------+-------+-------++-------
  Melee: Dagger            |    47 |    18 ||    65
         Constrict         |     7 |     4 ||    11
         Long sword        |     1 |       ||     1
         Tentacles         |     3 |     3 ||     6
    Use: Potion            |     1 |     2 ||     3
   Stab: Sleeping          |     7 |     3 ||    10
 Armour: Skin              |    19 |    14 ||    33
  Dodge: Dodged            |    17 |    11 ||    28

Table legend: (Time is in decaauts)
 A = Elapsed time spent in this place.
 B = Non-inter-level travel time spent in this place.
 C = Inter-level travel time spent in this place.
 D = Time resting spent in this place.
 E = Time spent auto-exploring this place.
 F = Levels seen in this place.
 G = Mean time per level.
                   A        B        C        D        E       F      G
               +--------+--------+--------+--------+--------+-----+--------+
         Total |   1180 |   1162 |     18 |      0 |    883 |   3 |  393.3 |
       Dungeon |   1180 |   1162 |     18 |      0 |    883 |   3 |  393.3 |
               +--------+--------+--------+--------+--------+-----+--------+

Top non-repeatable levels by time:
     D:1: 841 daAuts
     D:3: 234 daAuts
     D:2: 104 daAuts
